 Dungeon Crawl Stone Soup version 0.31-a0-1620-gcbf77bbcfc (webtiles) character file.

Game seed: 6048218567257128467

332 rsvaco the Twirler (level 6, -1/50 HPs)
             Began as a Demonspawn Gladiator on Dec 31, 2022.
             Was a Follower of Dithmenos.
             Slain by Pikel
             ... wielding a +1 whip of electrocution
              (5 damage)
             ... on level 4 of the Dungeon on Jan 11, 2024.
             The game lasted 00:31:11 (2451 turns).

rsvaco the Twirler (Demonspawn Gladiator)           Turns: 2451, Time: 00:31:12

Health: -1/50      AC:  7    Str: 22 (23) XL:     6   Next: 26%
Magic:  0/6        EV: 12    Int:  9      God:    Dithmenos [*.....]
Gold:   224        SH:  0    Dex: 12 (14) Spells: 1/5 levels left

rFire   . . .        a - +1 quarterstaff
rCold   . . .        (shield currently unavailable)
rNeg    . . .        j - +0 ring mail
rPois   .            (helmet restricted)
rElec   .            (no cloak)
rCorr   .            (no gloves)
SInv    .            (no boots)
Will    .....        g - amulet of guardian spirit
Stlth   ++           f - +6 ring of strength
HPRegen 0.28/turn    (no ring)
MPRegen 0.10/turn

%: guardian spirit
@: about to teleport, wreathed by umbra
A: horns 2, molten scales 1
a: Renounce Religion


You were on level 4 of the Dungeon.
You worshipped Dithmenos.
Dithmenos was aware of your devotion.
You visited 1 branch of the dungeon, and saw 4 of its levels.

You collected 224 gold pieces.

Inventory:

Hand Weapons
 a - a +1 quarterstaff (weapon)
 k - a +0 hand axe
 l - a +0 mace
 o - a +0 trident
 q - a +1 dagger of flaming
 r - a +0 spear
 v - a +0 antimagic rapier
Missiles
 d - a throwing net
 e - a javelin
 i - 6 boomerangs (quivered)
 m - 2 atropa-tipped darts
Armour
 b - a +0 leather armour
 c - a +1 helmet
 j - a +0 ring mail (worn)
Magical Staves
 p - a staff of earth
Jewellery
 f - a +6 ring of strength (left hand)
 g - an amulet of guardian spirit (around neck)
 t - a +4 ring of protection
Wands
 n - a wand of light (2)
Scrolls
 h - 3 scrolls of noise
 u - 2 scrolls of enchant weapon
 w - a scroll of teleportation
Potions
 x - a potion of ambrosia {unknown}
 z - a potion of brilliance {unknown}


   Skills:
 + Level 4.9 Fighting
 + Level 5.6 Staves
 + Level 4.4 Throwing
 + Level 4.2 Armour
 + Level 4.8 Dodging
 + Level 3.9 Stealth


You had one spell level left.
You knew the following spells:

 Your Spells              Type           Power      Damage    Failure   Level
a - Summon Blazeheart Go  Fire/Summ      0%         N/A       99%         4

Your spell library contained the following spells:

 Spells                   Type           Power      Damage    Failure   Level
 Summon Small Mammal      Summ           0%         N/A       54%         1
 Call Canine Familiar     Summ           0%         N/A       88%         3
 Inner Flame              Hex/Fire       0%         N/A       88%         3
 Irradiate                Conj/Alch      0%         3d11      100%        5
 Ignition                 Fire           0%         3d3       100%        8


Dungeon Overview and Level Annotations

Branches:
Dungeon (4/15)
 Temple: D:4-7

Altars:
Dithmenos

Shops:
D:3 *

Annotations:
D:4 Pikel


Innate Abilities, Weirdness & Mutations

You have a pair of horns on your head.
You are partially covered in molten scales. (AC +2)


Message History

Pikel is severely wounded.
Pikel hits you but does no damage. The lemure barely misses you.
You closely miss Pikel.
Pikel is severely wounded.
Pikel hits you but does no damage. The lemure closely misses you.
You hit Pikel but do no damage.
Pikel is severely wounded.
Pikel barely misses you. The lemure hits you.
You closely miss Pikel. Your headbutt misses Pikel.
Pikel is severely wounded.
Pikel barely misses you. The lemure hits you.
* * * LOW HITPOINT WARNING * * *
You hit Pikel but do no damage.
Pikel is severely wounded.
Pikel completely misses you. The lemure completely misses you.
You closely miss Pikel.
Pikel is severely wounded.
The lemure is no longer blind.
The lemure completely misses you.
Pikel hits you with a +1 whip of electrocution.
* * * LOW HITPOINT WARNING * * *
You are electrocuted!
* * * LOW HITPOINT WARNING * * *
The lemure misses you.
You feel much better.
Pikel hits you with a +1 whip of electrocution!
* * * LOW HITPOINT WARNING * * *
The lemure hits you.
* * * LOW HITPOINT WARNING * * *
The lemure closely misses you.
As you read the scroll of teleportation, it crumbles to dust.
You feel strangely unstable.
Pikel is no longer blind.
Pikel says, "You'll feel the lick of my whip!"
Pikel misses you. The lemure hits you!
* * * LOW HITPOINT WARNING * * *
The lemure hits you.
* * * LOW HITPOINT WARNING * * *
Pikel attacks as he pursues you!
Pikel hits you with a +1 whip of electrocution.
You die...
Pikel says, "Another soul for the market."

.#'####......#.....#....
#.....#......#.....#....
#.....#......'.....'....
#.....'......##'########
#.....#......##...###..
#....5#......##........
#...r.#......'.........
#...55K......#.........
#....5#@.....#######...
#.....#......# ...
#.....#......... ..
#.....#......##..
#.....#......# ..
#.....#......'. .
#######......## .......#


You could see Pikel, 3 lemures and a quokka.

Vanquished Creatures
  2 orc priests (D:3)
  An orc wizard (D:3)
  A hound zombie (D:2)
  Robin (D:4)
  4 gnolls (D:4)
  3 adders
  An adder zombie (D:2)
  7 orcs (D:3)
  6 bats
  A bat skeleton (D:2)
  3 endoplasms
  4 giant cockroaches
  16 goblins
  6 hobgoblins
  3 jackals (D:1)
  2 quokkas
  2 ribbon worms (D:2)
  A ball python (D:2)
  2 ball python skeletons (D:2)
  5 frilled lizards
  A giant cockroach zombie (D:2)
  8 rats
80 creatures vanquished.

Notes
Turn   | Place    | Note
-------+----------+-------------------------------------------
     0 | D:1      | rsvaco the Demonspawn Gladiator began the quest for the
                  | Orb.
     0 | D:1      | Reached XP level 1. HP: 16/16 MP: 1/1
    82 | D:1      | Gained mutation: You are partially covered in molten
                  | scales. (AC +2) [demonic ancestry]
    82 | D:1      | Reached XP level 2. HP: 16/22 MP: 2/2
    93 | D:1      | Upgraded the game from 0.30-a0-578-gdee14c521f to
                  | 0.31-a0-175-g9f7f995f2b
   145 | D:1      | Reached skill level 3 in Staves
   356 | D:2      | Upgraded the game from 0.31-a0-175-g9f7f995f2b to
                  | 0.31-a0-1620-gcbf77bbcfc
   474 | D:2      | Reached skill level 1 in Armour
   474 | D:2      | Reached XP level 3. HP: 19/27 MP: 3/3
   929 | D:2      | Found a shadowy altar of Dithmenos.
   946 | D:2      | Became a worshipper of Dithmenos the Shadowed
   974 | D:2      | Reached skill level 5 in Staves
   974 | D:2      | Gained mutation: You have a pair of small horns on your
                  | head. [demonic ancestry]
   974 | D:2      | Reached XP level 4. HP: 38/38 MP: 4/4
  1037 | D:3      | Gained mutation: You have a pair of horns on your head.
                  | [demonic ancestry]
  1037 | D:3      | Reached XP level 5. HP: 43/43 MP: 5/5
  1631 | D:3      | Reached * piety under Dithmenos
  1800 | D:3      | Found Piabisin's General Store.
  1874 | D:3      | Learned a level 4 spell: Summon Blazeheart Golem
  1920 | D:4      | Noticed Robin
  1943 | D:4      | Reached XP level 6. HP: 45/50 MP: 6/6
  2239 | D:4      | Killed Robin
  2434 | D:4      | Noticed Pikel
  2451 | D:4      | Slain by Pikel

Illustrated notes

Levels and vault maps discovered:
D:1:      amcnicky_arrival_feature_with_door, layout_basic, serial_forest,
          infiniplex_forest_lined_1, infiniplex_forest_lined_3_way,
          infiniplex_forest_zigzag_1, infiniplex_forest_lined_room_2,
          infiniplex_forest_lined_3, infiniplex_forest_clump_curved,
          infiniplex_forest_clump_curved, infiniplex_forest_clump_long
D:2:      layout_rooms, basic_altar, serial_undead, serial_undead_c,
          serial_undead_a, serial_undead_e, serial_undead_c
D:3:      layout_basic, serial_shops, nicolae_shop_rolling_square,
          chequers_serial_rivers_small_a, kennysheep_minor_cross,
          minmay_misc_feat_encased, st_stairs_10
D:4:      layout_gridville, uniq_pikel, uniq_robin

Skill      XL: |  1  2  3 |
---------------+----------+-----
Staves         | 3 5 |  5.6
Armour         | 1 4 |  4.2
Fighting       | 4 |  4.9
Throwing       | 4 |  4.4
Dodging        | 4 |  4.8
Stealth        | 3 |  3.9

Action                     |  1- 3 |  4- 6 || total
---------------------------+-------+-------++-------
  Melee: Quarterstaff      |   102 |    88 ||   190
         Headbutt          |       |    11 ||    11
  Throw: Throwing net      |     3 |       ||     3
         Boomerang         |       |    25 ||    25
  Evoke: Wand              |       |     2 ||     2
    Use: Scroll            |     5 |     4 ||     9
         Potion            |     1 |     4 ||     5
   Stab: Sleeping          |       |     1 ||     1
 Armour: Leather armour    |    49 |       ||    49
         Ring mail         |     6 |    60 ||    66
  Dodge: Dodged            |    74 |    72 ||   146

Table legend: (Time is in decaauts)
 A = Elapsed time spent in this place.
 B = Non-inter-level travel time spent in this place.
 C = Inter-level travel time spent in this place.
 D = Time resting spent in this place.
 E = Time spent auto-exploring this place.
 F = Levels seen in this place.
 G = Mean time per level.
                   A        B        C        D        E       F      G
               +--------+--------+--------+--------+--------+-----+--------+
         Total |   2473 |   2468 |      5 |      0 |   1384 |   4 |  618.2 |
       Dungeon |   2473 |   2468 |      5 |      0 |   1384 |   4 |  618.2 |
               +--------+--------+--------+--------+--------+-----+--------+

Top non-repeatable levels by time:
     D:3: 915 daAuts
     D:2: 699 daAuts
     D:4: 532 daAuts
     D:1: 326 daAuts
